 Dungeon Crawl Stone Soup version 0.30.0-18-gc0e69614cb (webtiles) character file.

Game seed: 16555345683481284712

209 zazu2006 the Carver (level 5, -4/47 HPs)
             Began as a Gnoll Wanderer on May 23, 2023.
             Slain by a gnoll
             ... wielding a +0 flail
             ... led by a gnoll bouda
              (7 damage)
             ... on level 3 of the Dungeon.
             The game lasted 00:05:39 (2254 turns).

zazu2006 the Carver (Gnoll Wanderer)                Turns: 2254, Time: 00:05:40

Health: -4/47      AC:  4    Str: 13    XL:     5   Next: 87%
Magic:  7/7        EV: 11    Int: 11    God:
Gold:   111        SH:  0    Dex: 12    Spells: 7/7 levels left

rFire   . . .        a - +3 falchion
rCold   . . .        (no shield)
rNeg    . . .        d - +0 leather armour
rPois   .            j - +0 helmet
rElec   .            (no cloak)
rCorr   .            (no gloves)
SInv    .            (no boots)
Will    .....        (no amulet)
Stlth   ++           (no ring)
HPRegen 0.27/turn    (no ring)
MPRegen 0.10/turn

%: no passive effects
@: mighty
A: fangs 1, strong nose, distributed training
a: no special abilities


You were on level 3 of the Dungeon.
You visited 1 branch of the dungeon, and saw 4 of its levels.

You collected 111 gold pieces.

Inventory:

Hand Weapons
 a - a +3 falchion (weapon)
Armour
 d - a +0 leather armour (worn)
 j - a +0 helmet (worn)
Scrolls
 b - a scroll of immolation {unknown}
 e - a scroll of brand weapon {unknown}
 f - a scroll of vulnerability {unknown}
 g - 2 scrolls of identify {unknown}
 h - a scroll of magic mapping {unknown}
 i - a scroll of fog {unknown}
Potions
 c - a potion of mutation {unknown}
 l - a potion of curing {unknown}


   Skills:
 + Level 6.7 Fighting
 + Level 1.7 Short Blades
 + Level 8.7 Long Blades
 + Level 4.9 Axes
 + Level 1.7 Maces & Flails
 + Level 1.7 Polearms
 + Level 1.7 Staves
 + Level 1.7 Ranged Weapons
 + Level 1.7 Throwing
 + Level 1.7 Armour
 + Level 1.7 Dodging
 + Level 2.9 Stealth
 + Level 1.7 Shields
 + Level 1.7 Unarmed Combat
 + Level 1.7 Spellcasting
 + Level 1.3 Conjurations
 + Level 1.3 Hexes
 + Level 1.3 Summonings
 + Level 1.3 Necromancy
 + Level 1.3 Translocations
 + Level 1.3 Transmutations
 + Level 1.3 Fire Magic
 + Level 1.3 Ice Magic
 + Level 1.3 Air Magic
 + Level 1.3 Earth Magic
 + Level 1.3 Poison Magic
 + Level 2.0 Invocations
 + Level 1.7 Evocations


You had 7 spell levels left.
You didn't know any spells.
Your spell library contained the following spells:

 Spells                   Type           Power      Damage    Failure   Level
 Necrotise                Necr           16%        1d4       22%         1
 Tukima's Dance           Hex            4%         N/A       54%         3
 Vampiric Draining        Necr           4%         2d6       54%         3
 Passage of Golubria      Tloc           4%         N/A       91%         4
 Agony                    Necr           4%         N/A       99%         5
 Yara's Violent Unravell  Hex/Tmut       2%         3d3       99%         5


Dungeon Overview and Level Annotations

Branches:
Dungeon (4/15)
 Temple: D:4-7

Altars:
Wu Jian

Annotations:
D:4 Edmund


Innate Abilities, Weirdness & Mutations

You have very sharp teeth.
Your uncanny sense of smell can sniff out nearby items.
Your experience applies equally to all skills.


Message History

The gnoll bouda shouts!
You hear a shout! x2
Found a sling and a grey potion.
Found an escape hatch in the floor.
Found two stone staircases leading down.
There is a stone staircase leading up here.
The jackal bites you but does no damage.
The gnoll hits you but does no damage. The gnoll misses you.
The gnoll hits you with a +0 spear. The jackal closely misses you.
You climb upwards.
There is a stone staircase leading down here.
Unknown command.
You hit the gnoll.
The gnoll is moderately wounded.
The gnoll hits you with a +0 spear. The gnoll hits you with a +0 flail.
The gnoll barely misses you. The jackal misses you.
You hit the gnoll.
The gnoll is almost dead.
The jackal bites you. The gnoll hits you with a +0 flail.
The gnoll hits you but does no damage. The gnoll hits you with a +0 spear.
You slash the gnoll!
You kill the gnoll!
The jackal bites you. The gnoll hits you with a +0 spear!
The gnoll hits you with a +0 flail!
* * * LOW HITPOINT WARNING * * *
Your Invocations skill increases to level 2!
Unknown command.
It was a potion of might.
You feel very mighty all of a sudden. The jackal bites you.
* * * LOW HITPOINT WARNING * * *
The gnoll hits you with a +0 spear.
* * * LOW HITPOINT WARNING * * *
The gnoll closely misses you. The jackal closely misses you.
You slash the gnoll!
The gnoll is almost dead.
The jackal barely misses you. The gnoll hits you but does no damage.
The gnoll misses you.
You slash the gnoll!
You kill the gnoll!
The jackal completely misses you. The gnoll hits you with a +0 flail!
You die...

######
#.#........#'#########
#######
#.##.##.####.........#
.<....# #.##.##.#
#########.# ......#
#....##.###### #.#
......###...###......#
####.#
.................###.#
#)...#
#####............# #.#
#.#### ##
#........#.g.###.# #.#
.#
#..........)@)...####.#
.#
#.......#####h........#
.# #########
#.######### .# #.# ##
#.# #.#
#################.#
(.................#
###################


You could see a gnoll and a jackal.

Vanquished Creatures
  An orc priest (D:3)
  An iguana (D:3)
  2 orc wizards (D:3)
  3 adders
  2 gnolls (D:3)
  3 worms
  3 dart slugs (D:3)
  2 orcs (D:3)
  10 ball pythons
  3 endoplasms
  2 giant cockroaches
  4 hobgoblins
  3 bats
  5 frilled lizards
  4 goblins
  4 kobolds
  7 rats
59 creatures vanquished.

Notes
Turn   | Place    | Note
-------+----------+-------------------------------------------
     0 | D:1      | zazu2006 the Gnoll Wanderer began the quest for the Orb.
     0 | D:1      | zazu2006 set off with the following items: a +3 falchion, a
                  | +0 hand axe, a scroll of fear, a +0 leather armour.
     0 | D:1      | Reached XP level 1. HP: 23/23 MP: 1/1
   446 | D:1      | Reached XP level 2. HP: 29/29 MP: 2/2
   892 | D:2      | Reached XP level 3. HP: 34/35 MP: 3/3
   910 | D:2      | Reached skill level 1 in Invocations
  1290 | D:3      | Reached skill level 1 in Short Blades
  1290 | D:3      | Reached skill level 1 in Maces & Flails
  1290 | D:3      | Reached skill level 1 in Polearms
  1290 | D:3      | Reached skill level 1 in Staves
  1290 | D:3      | Reached skill level 1 in Ranged Weapons
  1290 | D:3      | Reached skill level 1 in Throwing
  1290 | D:3      | Reached skill level 1 in Armour
  1290 | D:3      | Reached skill level 1 in Dodging
  1290 | D:3      | Reached skill level 1 in Shields
  1290 | D:3      | Reached skill level 1 in Unarmed Combat
  1290 | D:3      | Reached skill level 1 in Spellcasting
  1290 | D:3      | Reached skill level 1 in Evocations
  1340 | D:3      | Reached XP level 4. HP: 38/41 MP: 5/5
  1448 | D:3      | Reached skill level 1 in Conjurations
  1448 | D:3      | Reached skill level 1 in Hexes
  1448 | D:3      | Reached skill level 1 in Summonings
  1448 | D:3      | Reached skill level 1 in Necromancy
  1448 | D:3      | Reached skill level 1 in Translocations
  1448 | D:3      | Reached skill level 1 in Transmutations
  1448 | D:3      | Reached skill level 1 in Fire Magic
  1448 | D:3      | Reached skill level 1 in Ice Magic
  1448 | D:3      | Reached skill level 1 in Air Magic
  1448 | D:3      | Reached skill level 1 in Earth Magic
  1448 | D:3      | Reached skill level 1 in Poison Magic
  1494 | D:3      | Reached XP level 5. HP: 31/47 MP: 7/7
  1639 | D:3      | Found an ornate altar of the Wu Jian Council.
  2185 | D:4      | Noticed Edmund
  2185 | D:4      | Noticed an orc warrior
  2254 | D:3      | Slain by a gnoll

Illustrated notes

Levels and vault maps discovered:
D:1:      dpeg_arrival_oval, layout_loops_ring, grunt_decor_one_mirror,
          nrook_loot_triangle, serial_bayou_pond_c, minmay_pentomino_x2
D:2:      layout_rooms, minmay_crystal_room, minmay_misc_feat_doors
D:3:      layout_basic, general_overflow_altar
D:4:      minmay_angry_zag, layout_basic, uniq_sigmund, uniq_edmund

Skill      XL: |  1  2  3  4  5 |
---------------+----------------+-----
Invocations    | 1 2 |  2.0
Short Blades   | 1 |  1.7
Maces & Flails | 1 |  1.7
Polearms       | 1 |  1.7
Staves         | 1 |  1.7
Ranged Weapons | 1 |  1.7
Throwing       | 1 |  1.7
Armour         | 1 |  1.7
Dodging        | 1 |  1.7
Shields        | 1 |  1.7
Unarmed Combat | 1 |  1.7
Spellcasting   | 1 |  1.7
Evocations     | 1 |  1.7
Conjurations   | 1 |  1.3
Hexes          | 1 |  1.3
Summonings     | 1 |  1.3
Necromancy     | 1 |  1.3
Translocations | 1 |  1.3
Transmutations | 1 |  1.3
Fire Magic     | 1 |  1.3
Ice Magic      | 1 |  1.3
Air Magic      | 1 |  1.3
Earth Magic    | 1 |  1.3
Poison Magic   | 1 |  1.3
Fighting       | |  6.7
Long Blades    | |  8.7
Axes           | |  4.9
Stealth        | |  2.9

Action                     |  1- 3 |  4- 6 || total
---------------------------+-------+-------++-------
  Melee: Falchion          |    70 |    84 ||   154
         Bite              |     3 |     2 ||     5
         Punch             |       |     2 ||     2
    Use: Potion            |       |     5 ||     5
         Scroll            |       |     1 ||     1
   Stab: Sleeping          |     3 |     2 ||     5
 Armour: Leather armour    |    13 |    29 ||    42
         Skin              |       |    25 ||    25
  Dodge: Dodged            |    31 |    36 ||    67
